SNL (28 & UNDER)
WEST VIRGINIA POWER @ SANTA FE DIABLOS
05/03/2023
 
TOP OF THE 1ST
West Virginia Power batting - Pitching for Santa Fe Diablos : RHP Darryl Carter
Pitching: RHP Darryl Carter
Batting: RHB Alfonso Huertas 0-0: Ball
1-0: SINGLE (Line Drive, 4D)
Batting: RHB Vicente Torres 0-0: Ball
1-0: Grounds into double play, 5-4-3 (Groundball, 5L)
Batting: RHB Wilson Gonzáles 0-0: Fly out, F9 (Flyball, 89D)
Top of the 1st over - 0 run(s), 1 hit(s), 0 error(s), 0 left on base; West Virginia 0 - Santa Fe 0
BOTTOM OF THE 1ST
Santa Fe Diablos batting - Pitching for West Virginia Power : RHP Bobby Flynn
Pitching: RHP Bobby Flynn
Batting: RHB Henning Huisman 0-0: Ball
1-0: Swinging Strike
1-1: Ball
2-1: Foul Ball, location: 2F
2-2: Strikes out swinging
Batting: RHB Robinson Pacheco 0-0: Ball
1-0: Bunt for hit - play at first, batter safe!
Batting: RHB Sadayoshi Kato 0-0: Called Strike
0-1: Ball
1-1: Ball
2-1: Foul Ball, location: 2F
2-2: Ball
3-2: Fly out, F9 (Flyball, 89M)
Batting: RHB Randy Sheppard 0-0: Called Strike
0-1: Ground out 6-3 (Groundball, 6)
Bottom of the 1st over - 0 run(s), 1 hit(s), 0 error(s), 1 left on base; West Virginia 0 - Santa Fe 0
TOP OF THE 2ND
West Virginia Power batting - Pitching for Santa Fe Diablos : RHP Darryl Carter
Batting: RHB Cristián Herrera 0-0: Foul Ball, location: 2F
0-1: Foul Ball, location: 2F
0-2: Strikes out looking
Batting: RHB Rubén Ayala 0-0: Called Strike
0-1: Foul Ball, location: 2F
0-2: Strikes out looking
Batting: RHB Raúl Torres 0-0: Called Strike
0-1: Ball
1-1: Called Strike
1-2: Strikes out swinging
Top of the 2nd over - 0 run(s), 0 hit(s), 0 error(s), 0 left on base; West Virginia 0 - Santa Fe 0
BOTTOM OF THE 2ND
Santa Fe Diablos batting - Pitching for West Virginia Power : RHP Bobby Flynn
Batting: LHB Roberto Sandoval 0-0: Ball
1-0: Ball
2-0: Foul Ball, location: 2F
2-1: SINGLE (Groundball, 4MD)
Batting: RHB Roberto Zamora 0-0: Ball
1-0: Grounds into double play, U6-3 (Groundball, 6)
Batting: LHB Juan Ontiveros 0-0: Ball
1-0: Foul Ball, location: 2F
1-1: Ground out U3 (Groundball, 3S)
Bottom of the 2nd over - 0 run(s), 1 hit(s), 0 error(s), 0 left on base; West Virginia 0 - Santa Fe 0
TOP OF THE 3RD
West Virginia Power batting - Pitching for Santa Fe Diablos : RHP Darryl Carter
Batting: LHB Ernie Jackson 0-0: Swinging Strike
0-1: Foul Ball, location: 2F
0-2: Ground out 3-1 (Groundball, 3)
Batting: LHB Luis Pérez 0-0: Ball
1-0: Bunted foul
1-1: Ball
2-1: Ball
3-1: Foul Ball, location: 2F
3-2: Strikes out looking
Batting: RHB Jorge Ramírez 0-0: DOUBLE (Groundball, 5L)
Batting: RHB Alfonso Huertas 0-0: Swinging Strike
0-1: Ball
1-1: Ball
2-1: Foul Ball, location: 2F
2-2: Foul Ball, location: 2F
2-2: Strikes out looking
Top of the 3rd over - 0 run(s), 1 hit(s), 0 error(s), 1 left on base; West Virginia 0 - Santa Fe 0
BOTTOM OF THE 3RD
Santa Fe Diablos batting - Pitching for West Virginia Power : RHP Bobby Flynn
Batting: RHB Ánibal Gonzáles 0-0: Ball
1-0: SINGLE (Groundball, 5D)
Batting: RHB Diego Francisco 0-0: Called Strike
0-1: SINGLE (Flyball, 78S)
Ánibal Gonzáles to second
Batting: RHB Henning Huisman 0-0: Ball
1-0: Swinging Strike
1-1: Ball
2-1: Ball
3-1: Base on Balls
Ánibal Gonzáles to third
Diego Francisco to second
Batting: RHB Robinson Pacheco 0-0: Ball
1-0: Foul Ball, location: 2F
1-1: Swinging Strike
1-2: Ball
2-2: DOUBLE (Line Drive, 7D)
Ánibal Gonzáles scores
Diego Francisco scores
Henning Huisman to third
Batting: RHB Sadayoshi Kato 0-0: Ball
1-0: Ball
2-0: Ball
3-0: Called Strike
3-1: Base on Balls
Batting: RHB Randy Sheppard 0-0: Ball
1-0: Fly out, F6 (Popup, 6D)
Batting: LHB Roberto Sandoval 0-0: Ball
1-0: SINGLE (Line Drive, 4D)
Henning Huisman scores
Robinson Pacheco to third
Sadayoshi Kato to second
Batting: RHB Roberto Zamora 0-0: Swinging Strike
0-1: Called Strike
0-2: Ball
1-2: Ball
2-2: Foul Ball, location: 2F
2-2: Strikes out looking
Batting: LHB Juan Ontiveros 0-0: Foul Ball, location: 2F
0-1: Foul Ball, location: 2F
0-2: Ground out 5-3 (Groundball, 5S)
Bottom of the 3rd over - 3 run(s), 4 hit(s), 0 error(s), 3 left on base; West Virginia 0 - Santa Fe 3
TOP OF THE 4TH
West Virginia Power batting - Pitching for Santa Fe Diablos : RHP Darryl Carter
Batting: RHB Vicente Torres 0-0: Ball
1-0: SINGLE (Groundball, 6MD)
Batting: RHB Wilson Gonzáles 0-0: Ball
1-0: Called Strike
1-1: Foul Ball, location: 2F
1-2: Strikes out swinging
Batting: RHB Cristián Herrera 0-0: Ball
1-0: Called Strike
1-1: Foul Ball, location: 2F
1-2: Ball
2-2: Foul Ball, location: 2F
2-2: Strikes out looking
Batting: RHB Rubén Ayala 0-0: Ball
1-0: Foul Ball, location: 2F
1-1: Ball
2-1: Ball
3-1: Base on Balls
Vicente Torres to second
Batting: RHB Raúl Torres 0-0: Ball
1-0: Called Strike
1-1: Swinging Strike
1-2: Strikes out looking
Top of the 4th over - 0 run(s), 1 hit(s), 0 error(s), 2 left on base; West Virginia 0 - Santa Fe 3
BOTTOM OF THE 4TH
Santa Fe Diablos batting - Pitching for West Virginia Power : RHP Bobby Flynn
Batting: RHB Ánibal Gonzáles 0-0: Ball
1-0: SINGLE (Groundball, 4MD)
Batting: RHB Diego Francisco 0-0: Ball
1-0: Ball
2-0: Swinging Strike
2-1: Ball
3-1: Called Strike
3-2: Strikes out swinging
Ánibal Gonzáles steals 2nd base
Batter strikes out.
Batting: RHB Henning Huisman 0-0: Ball
1-0: Called Strike
1-1: Ball
Ánibal Gonzáles steals 3rd base
2-1: Foul Ball, location: 2F
2-2: Ball
3-2: Foul Ball, location: 2F
3-2: Strikes out swinging
Batting: RHB Robinson Pacheco 0-0: Ground out 6-3 (Groundball, 6)
Bottom of the 4th over - 0 run(s), 1 hit(s), 0 error(s), 1 left on base; West Virginia 0 - Santa Fe 3
TOP OF THE 5TH
West Virginia Power batting - Pitching for Santa Fe Diablos : RHP Darryl Carter
Batting: LHB Ernie Jackson 0-0: Called Strike
0-1: Ground out 4-3 (Groundball, 4)
Batting: LHB Luis Pérez 0-0: Ball
1-0: Called Strike
1-1: Ball
2-1: Foul Ball, location: 2F
2-2: Fly out, F8 (Flyball, 8LS)
Batting: RHB Jorge Ramírez 0-0: Ball
1-0: Ball
2-0: Ground out 5-3 (Groundball, 5)
Top of the 5th over - 0 run(s), 0 hit(s), 0 error(s), 0 left on base; West Virginia 0 - Santa Fe 3
BOTTOM OF THE 5TH
Santa Fe Diablos batting - Pitching for West Virginia Power : RHP Bobby Flynn
Batting: RHB Sadayoshi Kato 0-0: Ball
1-0: Ball
2-0: Swinging Strike
2-1: Swinging Strike
2-2: Ball
3-2: Foul Ball, location: 2F
3-2: Base on Balls
Batting: RHB Randy Sheppard 0-0: Called Strike
0-1: Called Strike
0-2: Ball
1-2: Ball
2-2: Strikes out swinging
Batting: LHB Roberto Sandoval 0-0: Foul Ball, location: 2F
0-1: Swinging Strike
0-2: SINGLE (Groundball, 34D)
Sadayoshi Kato to second
Runner from 2nd tries for 3rd, SAFE, throw made to third
Batting: RHB Roberto Zamora 0-0: Called Strike
0-1: Foul Ball, location: 2F
0-2: Ball
Passed Ball!
Sadayoshi Kato scores
Roberto Sandoval to second
1-2: Fly out, F8 (Flyball, 8RM)
Runner from 2nd tags up, SAFE at 3rd with throw
Pitching: RHP Howard Baker
Batting: LHB Juan Ontiveros 0-0: Swinging Strike
0-1: Swinging Strike
0-2: Foul Ball, location: 2F
0-2: Foul Ball, location: 2F
0-2: Strikes out swinging
Bottom of the 5th over - 1 run(s), 1 hit(s), 0 error(s), 1 left on base; West Virginia 0 - Santa Fe 4
TOP OF THE 6TH
West Virginia Power batting - Pitching for Santa Fe Diablos : RHP Darryl Carter
Batting: RHB Alfonso Huertas 0-0: DOUBLE (Line Drive, 89M)
Batting: RHB Vicente Torres 0-0: Ball
1-0: Called Strike
1-1: Ball
2-1: Swinging Strike
2-2: Foul Ball, location: 2F
2-2: Strikes out swinging
Batting: RHB Wilson Gonzáles 0-0: Foul Ball, location: 2F
0-1: Ball
1-1: Swinging Strike
1-2: Foul Ball, location: 2F
1-2: Foul Ball, location: 2F
1-2: Ball
2-2: Ground out 1-3 (Groundball, 15)
Batting: RHB Cristián Herrera 0-0: Ball
1-0: Called Strike
1-1: Ball
2-1: Ball
3-1: Base on Balls
Batting: RHB Rubén Ayala 0-0: Foul Ball, location: 2F
0-1: Foul Ball, location: 2F
0-2: Ball
1-2: Ball
2-2: Foul Ball, location: 2F
2-2: Ground out 5-3 (Groundball, 56S)
Top of the 6th over - 0 run(s), 1 hit(s), 0 error(s), 2 left on base; West Virginia 0 - Santa Fe 4
BOTTOM OF THE 6TH
Santa Fe Diablos batting - Pitching for West Virginia Power : RHP Howard Baker
Pitching: RHP Juan Herrera
Batting: RHB Ánibal Gonzáles 0-0: Fly out, F8 (Flyball, 89D)
Pitching: RHP Cory Lowe
Batting: RHB Diego Francisco 0-0: Ball
1-0: Ball
2-0: Called Strike
2-1: Called Strike
2-2: Ball
3-2: Foul Ball, location: 2F
3-2: Foul Ball, location: 2F
3-2: Foul Ball, location: 2F
3-2: Strikes out looking
Batting: RHB Henning Huisman 0-0: Ball
1-0: Ball
2-0: Called Strike
2-1: Called Strike
2-2: Ball
3-2: Fly out, F3 (Popup, 3L)
Bottom of the 6th over - 0 run(s), 0 hit(s), 0 error(s), 0 left on base; West Virginia 0 - Santa Fe 4
TOP OF THE 7TH
West Virginia Power batting - Pitching for Santa Fe Diablos : RHP Darryl Carter
Batting: RHB Raúl Torres 0-0: Ball
1-0: Ball
2-0: SINGLE (Groundball, 4MD)
Batting: LHB Ernie Jackson 0-0: Ball
1-0: Ball
2-0: Called Strike
2-1: SINGLE (Line Drive, 4M)
Raúl Torres to second
Batting: LHB Luis Pérez 0-0: Ball
1-0: Ball
2-0: Ball
3-0: Base on Balls
Raúl Torres to third
Ernie Jackson to second
Pitching: RHP David Sheppard
Batting: RHB Jorge Ramírez 0-0: Called Strike
0-1: Foul Ball, location: 2F
0-2: Ball
1-2: Ball
2-2: Ball
3-2: Fly out, F8 (Flyball, 89XD)
Runner from 3rd tags up, SCORES, no throw
Ernie Jackson to third
Batting: RHB Alfonso Huertas 0-0: Ball
1-0: Ball
2-0: Ball
3-0: Called Strike
3-1: Swinging Strike
3-2: Foul Ball, location: 2F
3-2: Strikes out swinging
Batting: RHB Vicente Torres 0-0: SINGLE (Groundball, 5)
Ernie Jackson scores
Luis Pérez to second
Batting: RHB Wilson Gonzáles 0-0: Fly out, F8 (Flyball, 78D)
Top of the 7th over - 2 run(s), 3 hit(s), 0 error(s), 2 left on base; West Virginia 2 - Santa Fe 4
BOTTOM OF THE 7TH
Santa Fe Diablos batting - Pitching for West Virginia Power : RHP Cory Lowe
Batting: RHB Robinson Pacheco 0-0: Ball
1-0: Foul Ball, location: 2F
1-1: Fly out, F7 (Line Drive, 78S)
Batting: RHB Sadayoshi Kato 0-0: Swinging Strike
0-1: Ball
1-1: Fly out, F9 (Flyball, 89M)
Batting: RHB Randy Sheppard 0-0: Ball
1-0: Foul Ball, location: 2F
1-1: Called Strike
1-2: Foul Ball, location: 2F
1-2: Strikes out swinging
Bottom of the 7th over - 0 run(s), 0 hit(s), 0 error(s), 0 left on base; West Virginia 2 - Santa Fe 4
TOP OF THE 8TH
West Virginia Power batting - Pitching for Santa Fe Diablos : RHP David Sheppard
Batting: RHB Cristián Herrera 0-0: Swinging Strike
0-1: Foul Ball, location: 2F
0-2: Ball
1-2: Foul Ball, location: 2F
1-2: Ground out 1-3 (Groundball, 13S)
Batting: RHB Rubén Ayala 0-0: Ball
1-0: Foul Ball, location: 2F
1-1: Swinging Strike
1-2: Fly out, F9 (Flyball, 89S)
Batting: RHB Raúl Torres 0-0: Ball
1-0: Ball
2-0: Called Strike
2-1: Foul Ball, location: 2F
2-2: Ball
3-2: Foul Ball, location: 2F
3-2: SINGLE (Groundball, 34D)
Pitching: LHP Columbo Briatori
Batting: LHB Ernie Jackson 0-0: Ball
1-0: Foul Ball, location: 2F
1-1: 2-RUN HOME RUN (Flyball, 8RXD), Distance : 420 ft
Pitching: LHP Daniel Draper
Pinch Hitting: RHB Tyler Baker 0-0: DOUBLE (Flyball, 9D)
Batting: RHB Jorge Ramírez 0-0: Called Strike
0-1: SINGLE (Groundball, 6MD) (infield hit)
Tyler Baker to third
Batting: RHB Alfonso Huertas 0-0: Ball
1-0: Ground out U3 (Groundball, 3L)
Top of the 8th over - 2 run(s), 4 hit(s), 0 error(s), 2 left on base; West Virginia 4 - Santa Fe 4
BOTTOM OF THE 8TH
Santa Fe Diablos batting - Pitching for West Virginia Power : RHP Cory Lowe
Now in CF: Jesús Ángel
Batting: LHB Roberto Sandoval 0-0: Fly out, F7 (Flyball, 78S)
Pinch Hitting: RHB Orlando González 0-0: Ball
1-0: Foul Ball, location: 2F
1-1: Swinging Strike
1-2: Ball
2-2: Foul Ball, location: 2F
2-2: Strikes out looking
Batting: LHB Juan Ontiveros 0-0: Ball
1-0: Foul Ball, location: 2F
1-1: Ball
2-1: Fly out, F8 (Flyball, 8LM)
Bottom of the 8th over - 0 run(s), 0 hit(s), 0 error(s), 0 left on base; West Virginia 4 - Santa Fe 4
TOP OF THE 9TH
West Virginia Power batting - Pitching for Santa Fe Diablos : LHP Daniel Draper
Pitching: RHP Bartolo Muńóz
Now at 3B: Orlando González
Batting: RHB Vicente Torres 0-0: Ball
1-0: Ball
2-0: Called Strike
2-1: Foul Ball, location: 2F
2-2: Foul Ball, location: 2F
2-2: Foul Ball, location: 2F
2-2: Ball
3-2: SINGLE (Groundball, 56D)
Batting: RHB Wilson Gonzáles 0-0: Foul Ball, location: 2F
0-1: Ball
1-1: Ball
2-1: Foul Ball, location: 2F
2-2: Foul Ball, location: 2F
2-2: Ball
3-2: Ground out 5-3 (Groundball, 5)
Vicente Torres to second
Batting: RHB Cristián Herrera 0-0: Intentional Walk
Batting: RHB Rubén Ayala 0-0: Called Strike
0-1: DOUBLE (Line Drive, 5D)
Vicente Torres scores
Cristián Herrera to third
Runner from 3rd tries for Home, SAFE, no throw or cutoff
Batting: RHB Raúl Torres 0-0: Ball
1-0: Swinging Strike
1-1: SINGLE (Groundball, 25) (infield hit)
Rubén Ayala to third
Batting: LHB Ernie Jackson 0-0: Called Strike
0-1: Ball
1-1: Foul Ball, location: 2F
1-2: SINGLE (Line Drive, 9S)
Rubén Ayala scores
Raúl Torres to second
Runner from 2nd tries for 3rd, SAFE, no throw or cutoff
Pitching: LHP Doug Starks
Batting: LHB Jesús Ángel 0-0: Fielders Choice at 2nd, 4-6 (Groundball, 4)
Raúl Torres scores
Batting: RHB Jorge Ramírez 0-0: Ball
1-0: Foul Ball, location: 2F
1-1: Ball
2-1: Called Strike
2-2: Ball
Jesús Ángel steals 2nd base
3-2: Strikes out looking
Top of the 9th over - 4 run(s), 4 hit(s), 0 error(s), 1 left on base; West Virginia 8 - Santa Fe 4
BOTTOM OF THE 9TH
Santa Fe Diablos batting - Pitching for West Virginia Power : RHP Cory Lowe
Batting: RHB Ánibal Gonzáles 0-0: Ball
1-0: Called Strike
1-1: Ball
2-1: Swinging Strike
2-2: Fly out, F8 (Flyball, 8LM)
Batting: RHB Diego Francisco 0-0: Ball
1-0: SINGLE (Groundball, 6MD)
Batting: RHB Henning Huisman 0-0: Fielders Choice at 2nd, 6-4 (Groundball, 6)
Batting: RHB Robinson Pacheco 0-0: Ball
1-0: Ball
2-0: Ball
3-0: Foul Ball, location: 2F
3-1: Base on Balls
Henning Huisman to second
Batting: RHB Sadayoshi Kato 0-0: Ball
1-0: Ball
2-0: Ball
3-0: Base on Balls
Henning Huisman to third
Robinson Pacheco to second
Batting: RHB Randy Sheppard 0-0: GRAND SLAM HOME RUN (Flyball, 7LD), Distance : 323 ft
Pitching: RHP Zózimo Pascoal
Batting: LHB Roberto Sandoval 0-0: Ball
1-0: Ball
2-0: Fly out, F7 (Line Drive, 78M)
Bottom of the 9th over - 4 run(s), 2 hit(s), 0 error(s), 0 left on base; West Virginia 8 - Santa Fe 8
TOP OF THE 10TH
West Virginia Power batting - Pitching for Santa Fe Diablos : LHP Doug Starks
Pitching: RHP Raúl Gómez
Batting: RHB Alfonso Huertas 0-0: Ball
1-0: Called Strike
1-1: Ground out 1-3 (Groundball, 25)
Batting: RHB Vicente Torres 0-0: Ground out 5-3 (Groundball, 56S)
Batting: RHB Wilson Gonzáles 0-0: Fly out, F8 (Flyball, 8LXD)
Top of the 10th over - 0 run(s), 0 hit(s), 0 error(s), 0 left on base; West Virginia 8 - Santa Fe 8
BOTTOM OF THE 10TH
Santa Fe Diablos batting - Pitching for West Virginia Power : RHP Zózimo Pascoal
Batting: RHB Orlando González 0-0: Swinging Strike
0-1: Ground out 6-3 (Groundball, 6M)
Batting: LHB Juan Ontiveros 0-0: Foul Ball, location: 2F
0-1: Ball
1-1: Foul Ball, location: 2F
1-2: Fly out, F6 (Popup, 56D)
Pinch Hitting: RHB Bill Finley 0-0: Ball
1-0: Ball
2-0: Swinging Strike
2-1: Foul Ball, location: 2F
2-2: Strikes out swinging
Bottom of the 10th over - 0 run(s), 0 hit(s), 0 error(s), 0 left on base; West Virginia 8 - Santa Fe 8
TOP OF THE 11TH
West Virginia Power batting - Pitching for Santa Fe Diablos : RHP Raúl Gómez
Now at SS: Bill Finley
Batting: RHB Cristián Herrera 0-0: Called Strike
0-1: Ball
1-1: Called Strike
1-2: Strikes out swinging
Batting: RHB Rubén Ayala 0-0: Foul Ball, location: 2F
0-1: Ball
1-1: Called Strike
1-2: Fly out, F7 (Flyball, 78D)
Batting: RHB Raúl Torres 0-0: Called Strike
0-1: SINGLE (Groundball, 4M)
Batting: LHB Ernie Jackson 0-0: Ball
1-0: Foul Ball, location: 2F
1-1: 2-RUN HOME RUN (Flyball, 9LD), Distance : 327 ft
Batting: LHB Jesús Ángel 0-0: Ball
1-0: Fly out, F4 (Line Drive, 34D)
Top of the 11th over - 2 run(s), 2 hit(s), 0 error(s), 0 left on base; West Virginia 10 - Santa Fe 8
BOTTOM OF THE 11TH
Santa Fe Diablos batting - Pitching for West Virginia Power : RHP Zózimo Pascoal
Batting: RHB Diego Francisco 0-0: Called Strike
0-1: Called Strike
0-2: Ball
1-2: Ball
2-2: Ball
3-2: Foul Ball, location: 2F
3-2: Base on Balls
Pinch Hitting: RHB Júlio López 0-0: Called Strike
0-1: Foul Ball, location: 2F
0-2: Strikes out swinging
Batting: RHB Robinson Pacheco 0-0: Called Strike
0-1: Foul Ball, location: 2F
0-2: Ball
1-2: SINGLE (Line Drive, 89S)
Diego Francisco to second
Batting: RHB Sadayoshi Kato 0-0: Fly out, F8 (Flyball, 8LM)
Batting: RHB Randy Sheppard 0-0: Ground out 6-3 (Groundball, 6)
Bottom of the 11th over - 0 run(s), 1 hit(s), 0 error(s), 2 left on base; West Virginia 10 - Santa Fe 8
This league is powered by Out of the Park Baseball, the baseball management simulation game for PC, Mac and Linux
Wednesday, December 2nd, 2015 - OOTP Baseball 16.8 Build 38